 Dungeon Crawl Stone Soup version 0.22-a0-42-g002c468 (webtiles) character file.

8481 galech the Grappler (level 11, -6/101 HPs)
             Began as a Troll Monk on Jan 5, 2018.
             Was a High Priest of Okawaru.
             Mangled by a two-headed ogre
             ... wielding a +0 giant club
              (23 damage)
             ... on level 9 of the Dungeon.
             The game lasted 00:15:07 (8838 turns).

galech the Grappler (Troll Monk)                    Turns: 8838, Time: 00:15:08

Health: -6/101     AC:  7    Str: 24    XL:     11   Next: 10%
Magic:  18/19      EV: 13    Int:  6    God:    Okawaru [*****.]
Gold:   595        SH:  0    Dex: 12    Spells: 10/10 levels left

rFire    . . .     SeeInvis .     - Unarmed
rCold    . . .     Gourm    +   (no shield)
rNeg     . . .     Faith    +   z - +2 robe
rPois    .         Spirit   .   (helmet restricted)
rElec    .         Reflect  .   (no cloak)
rCorr    .         Harm     .   (gloves unavailable)
MR       .....                  (boots unavailable)
Stlth    +++.......             h - amulet of faith
HPRegen  0.66/turn              p - ring of magical power
MPRegen  0.16/turn              (no ring)

@: no status effects
A: large, unfitting armour, claws 3, fast metabolism 3, gourmand, regeneration
1, shaggy fur 1, tough skin 2
a: Heroism, Finesse, Renounce Religion


You were on level 9 of the Dungeon.
You worshipped Okawaru.
Okawaru was extremely pleased with you.
You were completely stuffed.

You visited 3 branches of the dungeon, and saw 12 of its levels.

You collected 595 gold pieces.

Inventory:

Missiles
 k - 2 exploding tomahawks
 F - 7 steel javelins (quivered)
Armour
 a - a +0 robe
 z - a +2 robe (worn)
 G - a +1 robe of fire resistance
 H - a +0 robe of magic resistance
Jewellery
 h - an amulet of faith (around neck)
 o - an uncursed amulet of faith
 p - a ring of magical power (left claw)
Wands
 l - a wand of digging (13)
 m - a wand of disintegration (13)
 s - a wand of flame (42)
 x - a wand of paralysis (15)
Scrolls
 c - 5 scrolls of teleportation
 e - 5 scrolls of remove curse
 f - 2 scrolls of fear
 g - 6 scrolls of random uselessness
 j - a scroll of enchant weapon
 q - a scroll of noise
 r - a scroll of amnesia
 t - a scroll of holy word
 y - a scroll of fog
 A - a scroll of blinking
Potions
 d - 7 potions of curing {unknown}
 i - 3 potions of agility {unknown}
 n - 3 potions of haste {unknown}
 C - a potion of ambrosia
 D - a potion of magic
 I - a potion of heal wounds
Books
 u - a book of Minor Magic

   Spells                             Type                      Level
   a - Magic Dart                     Conjuration                  1
   b - Blink                          Translocation                2
   c - Call Imp                       Summoning                    2
   d - Slow                           Hexes                        2
   e - Conjure Flame                  Conjuration/Fire             3
   f - Mephitic Cloud                 Conjuration/Poison/Air       3
 v - a book of Beasts

   Spells                             Type                      Level
   a - Summon Butterflies             Summoning                    1
   b - Call Canine Familiar           Summoning                    3
   c - Summon Ice Beast               Ice/Summoning                4
   d - Summon Mana Viper              Hexes/Summoning              5
   e - Summon Hydra                   Summoning                    7
 w - a book of Cantrips

   Spells                             Type                      Level
   a - Confusing Touch                Hexes                        1
   b - Animate Skeleton               Necromancy                   1
   c - Summon Small Mammal            Summoning                    1
   d - Apportation                    Translocation                1
 B - a book of Power

   Spells                             Type                      Level
   a - Iskenderun's Battlesphere      Conjuration/Charms           5
   b - Venom Bolt                     Conjuration/Poison           5
   c - Bolt of Magma                  Conjuration/Fire/Earth       5
   d - Iron Shot                      Conjuration/Earth            6
   e - Orb of Destruction             Conjuration                  7
   f - Spellforged Servitor           Conjuration/Summoning        7
 E - a book of Air

   Spells                             Type                      Level
   a - Shock                          Conjuration/Air              1
   b - Swiftness                      Charms/Air                   2
   c - Static Discharge               Conjuration/Air              3
   d - Airstrike                      Air                          4
   e - Lightning Bolt                 Conjuration/Air              5
Comestibles
 b - 27 rations
 J - 13 chunks of flesh


   Skills:
 + Level 4.9 Fighting
 + Level 6.9 Dodging
 + Level 4.4 Stealth
 + Level 12.8 Unarmed Combat
 + Level 1.0 Invocations


You had 10 spell levels left.
You didn't know any spells.

Dungeon Overview and Level Annotations

Branches:
Dungeon (10/15)            Temple (1/1) D:7            Lair (0/6) D:10
    Orc (1/2) D:9

Altars:
Ashenzari
Cheibriados
Dithmenos
Elyvilon
Fedhas
Gozag
Hepliaklqana
Kikubaaqudgha
Makhleb
Nemelex Xobeh
Okawaru
Qazlal
Ru
Sif Muna
Trog
Uskayaw
Vehumet
Wu Jian
Xom
Yredelemnul
Zin
The Shining One

Annotations:
Orc:1 Nergalle


Innate Abilities, Weirdness & Mutations

You are too large for most types of armour.
You have claws for hands.
Your metabolism is lightning-fast.
You like to eat raw meat.
Your natural rate of healing is unusually fast.
You are covered in fur. (AC +1)
You have very tough skin. (AC +2)


Message History

The orc priest closely misses you. The two-headed ogre closely misses you.
The two-headed ogre hits you with a dire flail.
You barely miss the two-headed ogre.
The two-headed ogre is heavily wounded.
The two-headed ogre hits you with a giant club!
The two-headed ogre closely misses you. The orc warrior barely misses you.
You barely miss the two-headed ogre.
The two-headed ogre is heavily wounded.
The orc priest hits you with a whip.
The ogre hits you with a giant spiked club.
The two-headed ogre hits you with a giant club!
The two-headed ogre hits you with a dire flail!
* * * LOW HITPOINT WARNING * * *
The orc warrior hits you from afar with a glaive!
* * * LOW HITPOINT WARNING * * *
The orc priest hits you but does no damage.
You see here a club.
You feel like a meek peon again.
The two-headed ogre hits you with a giant club!!
You die...

......))#.........# #.#...
...รท...[#.........# #.#...
..................# #.#...
..............)...# #.#...
[########...))[...## #.#...
[#...........>)....# #.####
.#..........[[O.O..# #...).
.#............o.O..# #.....
.###...........o@..# #.....
...#...............#########.....
.>##.............................
..#..............................
..'........#..######............#
..#........#..#....#............#
..#........#..#....#..#######...#
..#........#..#....#..# #...#
..#........#..#....#..# #...#


You could see 2 two-headed ogres, an orc warrior, an ogre and an orc priest.

Vanquished Creatures
  2 two-headed ogres
  A death yak (D:9)
  Pikel (D:7)
  The ghost of grindst0ne the Archer, a novice CeHu (D:5)
  A cyclops (D:9)
  2 trolls
  A wyvern (D:9)
  A hungry ghost (D:9)
  2 wargs (D:9)
  2 sky beasts
  5 orc warriors
  A porcupine (D:10)
  A phantom (D:9)
  3 ice beasts
  A black bear (D:8)
  A slave (D:7)
  7 ogres
  4 centaurs
  3 bullfrogs
  2 wyvern skeletons
  3 scorpions
  2 howler monkeys
  A quasit (D:6)
  4 crimson imps
  2 jellies
  A gnoll shaman (D:4)
  9 orc priests
  9 hounds
  2 centaur skeletons (D:5)
  5 iguanas
  3 worker ants
  9 orc wizards
  A killer bee zombie (D:5)
  2 hound skeletons
  A worker ant zombie (D:10)
  14 gnolls
  8 adders
  4 shadow imps
  2 oozes
  5 worms
  2 dart slugs
  4 leopard geckos
  41 orcs
  16 bats
  5 giant cockroaches
  8 goblins
  6 hobgoblins
  13 jackals
  3 quokkas
  2 ball pythons
  5 frilled lizards
  8 kobolds
  A leopard gecko skeleton (D:4)
  7 rats
250 creatures vanquished.

Vanquished Creatures (others)
  An orc (D:5)
1 creature vanquished.

Grand Total: 251 creatures vanquished

Notes
Turn   | Place    | Note
-------+----------+-------------------------------------------
     0 | D:1      | galech the Troll Monk began the quest for the Orb.
     0 | D:1      | Reached XP level 1. HP: 22/22 MP: 0/0
    70 | D:1      | Reached XP level 2. HP: 29/29 MP: 1/1
   251 | D:1      | Reached XP level 3. HP: 36/36 MP: 2/2
   842 | D:2      | Reached XP level 4. HP: 45/45 MP: 3/3
  1393 | D:3      | Reached skill level 4 in Unarmed Combat
  1400 | D:3      | Reached XP level 5. HP: 38/53 MP: 4/4
  2223 | D:4      | Reached skill level 5 in Unarmed Combat
  2247 | D:4      | Reached XP level 6. HP: 61/61 MP: 5/5
  2713 | D:5      | Entered Level 5 of the Dungeon
  2715 | D:5      | Noticed a sky beast
  2728 | D:4      | Killed a sky beast
  2785 | D:5      | Reached skill level 6 in Unarmed Combat
  2785 | D:5      | Reached XP level 7. HP: 52/67 MP: 6/6
  3082 | D:5      | Reached skill level 7 in Unarmed Combat
  3097 | D:5      | Noticed grindst0ne's ghost (novice CeHu)
  3209 | D:5      | Reached XP level 8. HP: 66/75 MP: 7/7
  3229 | D:5      | Killed grindst0ne's ghost
  3229 | D:5      | Reached skill level 8 in Unarmed Combat
  4207 | D:6      | Reached skill level 5 in Dodging
  4207 | D:6      | Reached skill level 9 in Unarmed Combat
  4366 | D:6      | Reached XP level 9. HP: 73/84 MP: 8/8
  4875 | D:7      | Reached skill level 10 in Unarmed Combat
  4963 | D:7      | Found a staircase to the Ecumenical Temple.
  4979 | Temple   | Entered the Ecumenical Temple
  5080 | Temple   | Became a worshipper of Warmaster Okawaru
  5080 | Temple   | Reached * piety under Okawaru
  5080 | Temple   | Reached ** piety under Okawaru
  5483 | D:8      | Noticed a two-headed ogre
  5676 | D:8      | Noticed Pikel
  5796 | D:7      | Killed Pikel
  5959 | D:8      | Killed a two-headed ogre
  5959 | D:8      | Reached *** piety under Okawaru
  5959 | D:8      | Reached skill level 11 in Unarmed Combat
  5999 | D:8      | Found a sacrificial altar of Ru.
  6145 | D:8      | Reached XP level 10. HP: 82/94 MP: 9/9
  6455 | D:9      | Found a staircase to the Orcish Mines.
  6471 | D:9      | Reached **** piety under Okawaru
  7141 | D:9      | Noticed a two-headed ogre
  7152 | D:9      | Killed a two-headed ogre
  7152 | D:9      | Reached ***** piety under Okawaru
  7152 | D:9      | Reached skill level 12 in Unarmed Combat
  7656 | D:9      | Received a gift from Okawaru
  7747 | D:10     | Entered Level 10 of the Dungeon
  8089 | D:10     | Noticed a death yak
  8092 | D:10     | Noticed a death yak
  8092 | D:10     | Found a staircase to the Lair.
  8093 | D:10     | Noticed a death yak
  8362 | D:9      | Killed a death yak
  8362 | D:9      | Received a gift from Okawaru
  8372 | Orc:1    | Entered Level 1 of the Orcish Mines
  8372 | Orc:1    | Noticed a cyclops
  8378 | D:9      | Reached XP level 11. HP: 50/101 MP: 10/10
  8509 | Orc:1    | Noticed Nergalle
  8589 | Orc:1    | Noticed a two-headed ogre
  8590 | Orc:1    | Noticed an ogre mage
  8590 | Orc:1    | Noticed a two-headed ogre
  8629 | Orc:1    | Noticed a two-headed ogre
  8740 | D:9      | Reached skill level 1 in Invocations
  8838 | D:9      | Mangled by a two-headed ogre

Vault maps used:
D:1:      tarquinn_simple_flora_water_c, minmay_pentomino_q2
D:3:      first_ration, kennysheep_generic_room_10
D:5:      minmay_crystal_water
D:7:      minmay_temple_entry_statues_fountains, grunt_ogre_cave
D:8:      marbit_many_paths, kennysheep_small_spiral, uniq_pikel
D:9:      david_orc_3
D:10:     dpeg_lair_monsters, serial_shops, nicolae_shop_stone
Temple:   kilobyte_greek_temple
Orc:1:    enter_bailey_2, uniq_nergalle, uniq_fannar

Skill      XL: |  1  2  3  4  5  6  7  8  9 10 11 |
---------------+----------------------------------+-----
Fighting       | 3 4 |  4.9
Dodging        | 3 4 5 6 |  6.9
Unarmed Combat | 4 5 6 7 9 11 12 | 12.8
Stealth        | 2 3 4 |  4.4
Invocations    | 1 |  1.0

Action                   |  1- 3 |  4- 6 |  7- 9 | 10-12 || total
-------------------------+-------+-------+-------+-------++-------
Melee: Unarmed           |   119 |   153 |   228 |   254 ||   754
       Punch             |     3 |     5 |    13 |    14 ||    35
Invok: Heroism           |       |       |     1 |     6 ||     7
       Finesse           |       |       |       |     1 ||     1
  Use: Scroll            |       |       |       |    13 ||    13
 Stab: Sleeping          |     2 |     2 |     9 |     4 ||    17
       Distracted        |       |       |     1 |       ||     1
  Eat: Chunk             |    13 |    18 |    23 |    41 ||    95
Armor: Robe              |    98 |    32 |    66 |    60 ||   256
Dodge: Dodged            |    99 |    85 |   138 |   196 ||   518

Table legend:
 A = Spawn XP
 B = Non-spawn XP
 C = Spawn XP percentage of total XP
 D = Spawn monster count
 E = Non-spawn monster count
 F = Spawn count percentage of total count
 G = Total turns spent on level
                    A         B        C        D         E        F      G
               +---------+---------+-------+---------+---------+-------+---------
         Total |       0 |   12116 |   0.0 |       0 |     249 |   0.0 |  8838
               +---------+---------+-------+---------+---------+-------+---------
           D:1 |       0 |      59 |   0.0 |       0 |      33 |   0.0 |   695
           D:2 |       0 |      70 |   0.0 |       0 |      26 |   0.0 |   669
           D:3 |       0 |     130 |   0.0 |       0 |      19 |   0.0 |   772
           D:4 |       0 |     571 |   0.0 |       0 |      26 |   0.0 |   717
           D:5 |       0 |    1493 |   0.0 |       0 |      32 |   0.0 |  1284
           D:6 |       0 |     831 |   0.0 |       0 |      15 |   0.0 |   569
           D:7 |       0 |    1288 |   0.0 |       0 |      11 |   0.0 |  1029
           D:8 |       0 |    1513 |   0.0 |       0 |      12 |   0.0 |   620
           D:9 |       0 |    5296 |   0.0 |       0 |      57 |   0.0 |  1888
          D:10 |       0 |     821 |   0.0 |       0 |      16 |   0.0 |   439
         Orc:1 |       0 |      44 |   0.0 |       0 |       2 |   0.0 |    17
               +---------+---------+-------+---------+---------+-------+---------
